 Dungeon Crawl Stone Soup version 0.30.0-29-ga12c61a403 (webtiles) character file.

Game seed: 7768785850283921747

81215 Labrat the Devastator (level 16, -10/121 HPs)
             Began as a Human Conjurer on June 14, 2023.
             Was a High Priest of Vehumet.
             Mangled by an Executioner (14 damage)
             ... on level 3 of the Abyss.
             The game lasted 01:36:35 (30664 turns).

Labrat the Devastator (Human Conjurer)             Turns: 30664, Time: 01:36:35

Health: -10/121    AC:  9    Str:  9    XL:     16   Next: 17%
Magic:  1/35       EV: 14    Int: 30    God:    Vehumet [*****.]
Gold:   1448       SH:  0    Dex: 16    Spells: 9/45 levels left

rFire   . . .        R - +6 arbalest "Damnation" {damnation}
rCold   + . .        (shield currently unavailable)
rNeg    + + .        s - +1 leather armour of Hotu Yqe {rN++ Int+5}
rPois   .            d - +0 helmet
rElec   .            (no cloak)
rCorr   .            P - +0 pair of gloves
SInv    +            b - +1 pair of boots {Stlth+}
Will    +....        S - amulet of regeneration
Stlth   +++          C - ring of see invisible
HPRegen 0.00/turn    O - ring of Piox {rC+ Str+2 Dex+2}
MPRegen 0.24/turn

%: no passive effects
@: sick, studying Long Blades
A: no striking features
a: Renounce Religion


You were on level 3 of the Abyss.
You worshipped Vehumet.
Vehumet was extremely pleased with you.
You visited 3 branches of the dungeon, and saw 20 of its levels.
You visited the Abyss 1 time.
You also visited: Sewer.

You collected 1602 gold pieces.
You spent 154 gold pieces at shops.

Inventory:

Hand Weapons
 R - the +6 arbalest "Damnation" (weapon) {damnation}
   (You found it on level 13 of the Dungeon)
Missiles
 a - a throwing net
 I - 10 curare-tipped darts
Armour
 b - a +1 pair of boots of stealth (worn)
 d - a +0 helmet (worn)
 g - a +0 buckler
 s - the +1 leather armour of Hotu Yqe (worn) {rN++ Int+5}
   (You found it on level 5 of the Lair of Beasts)

   Int:       It affects your intelligence (+5).
   rN:        It greatly protects you from negative energy.
 P - a +0 pair of gloves (worn)
Magical Staves
 i - the staff of earth "Qiakhl Vussull" {rC+ Int+3}
   (You found it on level 9 of the Dungeon)

   [staff of earth]

   Base accuracy: +5 Base damage: 5 Base attack delay: 1.2 This weapon's minimum
   attack delay (0.6) is reached at skill level 12.
   Int:       It affects your intelligence (+3).
   rC:        It protects you from cold.
   It falls into the 'Staves' category.
   It is a one-handed weapon.
Jewellery
 l - a +4 ring of slaying
 C - a ring of see invisible (left hand)
 O - the ring of Piox (right hand) {rC+ Str+2 Dex+2}
   (You took it off a kobold brigand on level 6 of the Dungeon)

   [ring of protection from cold]

   Str:       It affects your strength (+2).
   Dex:       It affects your dexterity (+2).
   rC:        It protects you from cold.
 S - an amulet of regeneration (around neck)
 Y - a ring of poison resistance
Wands
 j - a wand of mindburst (17)
 q - a wand of flame (39)
 r - a wand of polymorph (17)
 K - a wand of roots (9)
 L - a wand of charming (12)
 V - a wand of acid (7)
 X - a wand of digging (6)
Scrolls
 c - 5 scrolls of magic mapping
 f - 5 scrolls of fear
 k - 3 scrolls of amnesia
 m - 4 scrolls of enchant weapon
 n - 6 scrolls of blinking
 p - 2 scrolls of acquirement
 x - a scroll of summoning
 y - 7 scrolls of teleportation
 A - 5 scrolls of vulnerability
 D - 5 scrolls of immolation
 E - 4 scrolls of fog
 G - a scroll of poison {unknown}
 H - 4 scrolls of enchant armour
 Q - 4 scrolls of torment
 W - a scroll of silence {unknown}
Potions
 e - 5 potions of cancellation
 h - 2 potions of ambrosia {unknown}
 o - a potion of magic
 t - 3 potions of flight
 u - 7 potions of heal wounds
 v - 4 potions of mutation
 w - 6 potions of brilliance
 z - 3 potions of haste
 B - 4 potions of might
 F - a potion of invisibility {unknown}
 J - a potion of attraction {unknown}
 N - 7 potions of curing
 T - 3 potions of resistance
 U - 3 potions of lignification {unknown}


   Skills:
 + Level 9.7 Fighting
 - Level 6.0 Armour
 - Level 6.0 Dodging
 - Level 2.0 Stealth
 - Level 4.0 Shields
 - Level 15.0 Spellcasting
 - Level 15.0 Conjurations
 - Level 3.0 Translocations
 - Level 5.0 Fire Magic
 - Level 5.0 Ice Magic
 - Level 8.0 Earth Magic


You had 9 spell levels left.
You knew the following spells:

 Your Spells              Type           Power      Damage    Failure   Level
a - Magic Dart            Conj           100%       1d8       0%          1
b - Searing Ray           Conj           100%       2d8       0%          2
c - Iskenderun's Mystic   Conj/Tloc      66%        2d14      1%          4
d - Stone Arrow           Conj/Erth      100%       3d13      1%          3
e - Hailstorm             Conj/Ice       70%        3d15      1%          3
f - Orb of Destruction    Conj           42%        9d12      1%          7
g - Fireball              Conj/Fire      35%        3d15      1%          5
h - Starburst             Conj/Fire      35%        6d10      1%          6
i - Lee's Rapid Deconstr  Erth           31%        3d16*     1%          5

Your spell library contained the following spells:

 Spells                   Type           Power      Damage    Failure   Level
 Yara's Violent Unravell  Hex/Tmut       11%        3d6       19%         5
 Apportation              Tloc           80%        N/A       1%          1
 Foxfire                  Conj/Fire      100%       2x1d9     1%          1
 Kiss of Death            Conj/Necr      100%       2d13      1%          1
 Ensorcelled Hibernation  Hex/Ice        74%        N/A       1%          2
 Passwall                 Tmut/Erth      38%        N/A       1%          2
 Dazzling Flash           Conj/Hex       100%       N/A       1%          3
 Frozen Ramparts          Ice            100%       1d16      1%          3
 Mephitic Cloud           Conj/Pois/Air  51%        N/A       1%          3
 Ozocubu's Armour         Ice            51%        N/A       1%          3
 Fulminant Prism          Conj/Hex       30%        3d16      1%          4
 Slow                     Hex            88%        N/A       2%          1
 Portal Projectile        Hex/Tloc       62%        N/A       4%          3
 Leda's Liquefaction      Hex/Erth       23%        N/A       5%          4
 Passage of Golubria      Tloc           40%        N/A       8%          4
 Call Canine Familiar     Summ           22%        N/A       9%          3
 Confusing Touch          Hex            22%        N/A       9%          3
 Swiftness                Air            22%        N/A       9%          3
 Vampiric Draining        Necr           22%        2d7       9%          3
 Ice Form                 Ice/Tmut       37%        N/A       10%         4
 Summon Ice Beast         Ice/Summ       37%        N/A       10%         4
 Anguish                  Hex/Necr       11%        N/A       26%         4
 Cause Fear               Hex            11%        N/A       26%         4
 Dispel Undead            Necr           22%        3d12      26%         4
 Metabolic Englaciation   Hex/Ice        18%        N/A       26%         5
 Plasma Beam              Fire/Air       18%        2x1d33    36%         6
 Lehudib's Crystal Spear  Conj/Erth      37%        10d9      36%         8
 Ozocubu's Refrigeration  Ice            25%        4d13      56%         7
 Alistair's Intoxication  Tmut/Pois      14%        N/A       58%         5
 Silence                  Hex/Air        11%        N/A       58%         5
 Enfeeble                 Hex            11%        N/A       100%        7


Dungeon Overview and Level Annotations

Branches:
Dungeon (14/15)            Temple (1/1) D:4            Lair (5/5) D:9
 Shoals (0/4) Lair:3        Snake (0/4) Lair:3        Slime (0/5) Lair:5
    Orc (0/2) D:12          Sewer (visited)
 Vaults: D:13-14

Altars:
Ashenzari
Cheibriados
Dithmenos
Elyvilon
Fedhas
Gozag
Hepliaklqana
Kikubaaqudgha
Makhleb
Okawaru
Qazlal
Ru
Sif Muna
Trog
Uskayaw
Vehumet
Wu Jian
Xom
Yredelemnul
Zin

Shops:
D:7 *   D:9 !   D:10 !


Message History

Aiming: Corrosive Bolt
Press: ? - help, Shift-Dir - straight line, f/p - Executioner
Aim: an Executioner (severely wounded, fast, 53% to hit)
The bolt of acid misses the Executioner.
The Executioner closely misses you. The Executioner completely misses you.
The Executioner misses you. The Executioner hits you!
* * * LOW HITPOINT WARNING * * *
The Executioner closely misses you. The Executioner hits you.
* * * LOW HITPOINT WARNING * * *
The Executioner hits you!!
* * * LOW HITPOINT WARNING * * *
The Executioner hits you.
* * * LOW HITPOINT WARNING * * *
The Executioner hits you but does no damage.
Aiming: Corrosive Bolt
Press: ? - help, Shift-Dir - straight line, f/p - Executioner
Aim: an Executioner (severely wounded, fast, 53% to hit)
The bolt of acid hits the Executioner!
The acid corrodes the Executioner!
The Executioner is almost dead.
The Executioner closely misses you.
The Executioner hits you but does no damage.
The Executioner closely misses you.
The Executioner hits you but does no damage.
The Executioner hits you.
* * * LOW HITPOINT WARNING * * *
The Executioner closely misses you. The Executioner misses you.
The Executioner hits you but does no damage.
The Executioner hits you.
* * * LOW HITPOINT WARNING * * *
Unknown command.
Aiming: Corrosive Bolt
Press: ? - help, Shift-Dir - straight line, f/p - Executioner
Aim: an Executioner (almost dead, fast, covered in acid, 53% to hit)
The bolt of acid hits the Executioner!
The Executioner seems to be corroded for longer.
The Executioner is almost dead.
The Executioner closely misses you.
The Executioner hits you but does no damage. x2
The Executioner hits you!
You die...

.# .# ##'
#. ... ##.
###w
......#
#..#.#
####..#
#..@1.#
##.##.# ...
#..####.##
#....X
....# .
..##. . #
.# ...
#.....#.#.#
. # ...
.... ##
#...#..##.
#..##. #.##


You could see an Executioner (fast, corroded).

Vanquished Creatures
  A lich (Abyss:3)
  2 tentacled starspawn (Abyss:3)
  Kirke (D:12)
  3 vault guards (D:14)
  A rakshasa (D:14)
  Erolcha (D:11)
  5 hydras
  A catoblepas (D:9)
  12 centaur warriors
  6 two-headed ogres
  2 tengu warriors (D:14)
  The ghost of Nicoed the Severer, a novice MiFi of Okawaru (D:9)
  A boulder beetle (D:12)
  8 death yaks
  Sonja (D:12)
  A deep elf knight (D:14)
  The ghost of slobbisto the Cleaver, a novice MiFi of Okawaru (D:8)
  2 skysharks (Lair:5)
  A fire crab (Lair:4)
  3 ugly things
  2 deep elf pyromancers (D:13)
  6 cyclopes
  An orc sorcerer (D:14)
  A moth of wrath (D:9)
  3 manticores
  A black mamba (Lair:4)
  6 elephants
  A merfolk siren (Lair:3)
  2 gargoyles (D:14)
  A torpor snail (Lair:5)
  An unseen horror (D:13)
  4 rime drakes
  14 cane toads
  An efreet (D:14)
  4 kobold demonologists
  Psyche (D:8)
  Maggie (D:7)
  An unseen horror (shapeshifter) (D:14)
  5 komodo dragons
  2 tengu conjurers
  6 trolls
  An ancient zyme (Abyss:3)
  4 hornets
  Prince Ribbit (D:7)
  A hornet (shapeshifter) (D:13)
  12 blink frogs
  6 polar bears
  3 raiju (Abyss:3)
  A dream sheep (Lair:5)
  8 slime creatures
  Sigmund (D:2)
  2 centaur simulacra
  4 vampires
  Eustachio (D:4)
  18 yaks
  2 shadows (D:13)
  11 spriggans (Lair:5)
  8 wyverns
  6 wraiths
  7 basilisks
  4 hogs (D:12)
  3 vampire mosquitoes (D:13)
  3 steam dragons
  A redback (D:9)
  An acid dragon (D:12)
  2 nagas (Lair:3)
  12 water moccasins
  10 orc warriors
  8 black bears
  3 sky beasts
  14 wolves (Lair:5)
  12 ogres
  10 centaurs
  5 boggarts (Lair:5)
  A phantom (D:5)
  9 kobold brigands
  2 scorpions (D:7)
  12 bullfrogs
  8 wights
  26 killer bees
  10 howler monkeys
  6 jellies
  7 orc priests
  4 gnoll boudas (D:6)
  11 hounds (D:6)
  5 iguanas
  A sleepcap (D:7)
  10 orc wizards
  Terence (D:2)
  14 gnolls
  A river rat (shapeshifter) (D:14)
  6 adders
  2 river rats
  A shadow imp (D:5)
  3 ufetubi
  3 worms
  46 orcs
  6 ball pythons
  8 endoplasms
  A giant cockroach (D:3)
  8 goblins
  4 hobgoblins
  8 jackals
  5 quokkas
  2 bats
  3 frilled lizards
  37 kobolds
  11 rats
  A starspawn tentacle (Abyss:3)
586 creatures vanquished.

Vanquished Creatures (others)
  A wizard (D:14)
  5 starspawn tentacles (Abyss:3)
6 creatures vanquished.

Grand Total: 592 creatures vanquished

Notes
Turn   | Place    | Note
-------+----------+-------------------------------------------
     0 | D:1      | Labrat the Human Conjurer began the quest for the Orb.
     0 | D:1      | Reached XP level 1. HP: 13/13 MP: 3/3
   283 | D:1      | Reached XP level 2. HP: 19/19 MP: 0/5
   344 | D:1      | Learned a level 2 spell: Searing Ray
   689 | D:1      | Reached XP level 3. HP: 24/24 MP: 4/6
   784 | D:1      | Found a faded altar of an unknown god.
  1132 | D:2      | Found a burning altar of Makhleb.
  1160 | D:2      | Noticed Sigmund
  1214 | D:2      | Noticed Terence
  1222 | D:2      | Killed Terence
  1334 | D:2      | Reached XP level 4. HP: 30/30 MP: 6/8
  1930 | D:2      | Killed Sigmund
  1931 | D:2      | Reached skill level 5 in Conjurations
  1931 | D:2      | Reached XP level 5. HP: 9/35 MP: 5/11
  1931 | D:2      | Reached XP level 6. HP: 11/41 MP: 5/12
  2340 | D:3      | Found a glowing drain.
  2354 | Sewer    | Entered a sewer
  2502 | Sewer    | Reached skill level 5 in Spellcasting
  2502 | Sewer    | Reached XP level 7. HP: 21/46 MP: 4/14
  2609 | Sewer    | Found a white marble altar of Elyvilon.
  2929 | D:3      | Found an opulent altar of Gozag.
  3787 | D:4      | Found a blossoming altar of Fedhas.
  3855 | D:4      | Found a staircase to the Ecumenical Temple.
  3863 | Temple   | Entered the Ecumenical Temple
  4133 | D:4      | Found a radiant altar of Vehumet.
  4137 | D:4      | Became a worshipper of Vehumet
  4210 | D:4      | Reached skill level 1 in Fighting
  4497 | D:4      | Noticed Eustachio
  4749 | D:5      | Entered Level 5 of the Dungeon
  4851 | D:5      | Reached XP level 8. HP: 53/57 MP: 7/17
  5154 | D:5      | Reached * piety under Vehumet
  5154 | D:5      | Offered knowledge of Freeze by Vehumet.
  5609 | D:5      | Found an ornate altar of the Wu Jian Council.
  5628 | D:5      | Reached skill level 5 in Fighting
  6394 | D:6      | Reached XP level 9. HP: 65/68 MP: 16/19
  6506 | D:6      | Found a hazy altar of Hepliaklqana.
  6576 | D:6      | Found a broken altar of Ashenzari.
  7179 | D:6      | Reached ** piety under Vehumet
  7179 | D:6      | Offered knowledge of Momentum Strike by Vehumet.
  7180 | D:6      | Reached skill level 1 in Armour
  7448 | D:6      | Identified the ring of Piox {rC+ Str+2 Dex+2}
  7450 | D:6      | Reached XP level 10. HP: 69/74 MP: 15/22
  7853 | D:6      | Noticed a cyclops
  7989 | D:7      | Learned a level 4 spell: Iskenderun's Mystic Blast
  8091 | D:7      | Offered knowledge of Stone Arrow by Vehumet.
  8096 | D:7      | Learned a level 3 spell: Stone Arrow
  8288 | D:7      | Noticed Prince Ribbit
  8399 | D:7      | Reached skill level 1 in Translocations
  8400 | D:7      | Killed Prince Ribbit
  8529 | D:7      | Reached skill level 1 in Earth Magic
  8898 | D:7      | Noticed Maggie
  8902 | D:7      | Found Vusk's Fire Supplies.
  9456 | D:4      | Killed Eustachio
  9526 | D:8      | Noticed Psyche
  9773 | D:8      | Killed Psyche
  9918 | D:8      | Found a runed translucent door.
  9918 | D:8      | Noticed slobbisto's ghost (novice MiFi)
 10230 | D:8      | Reached XP level 11. HP: 79/79 MP: 20/24
 10642 | D:8      | Found a white marble altar of Elyvilon.
 10889 | D:9      | Reached *** piety under Vehumet
 10890 | D:9      | Reached skill level 10 in Conjurations
 10927 | D:9      | Found a staircase to the Lair.
 10986 | D:9      | Reached skill level 10 in Spellcasting
 11281 | D:6      | Killed a cyclops
 11979 | D:7      | Killed Maggie
 12207 | D:9      | Found Ogauqyef's Distillery.
 12214 | D:9      | Bought a potion of curing for 42 gold pieces
 12214 | D:9      | Bought a potion of mutation for 112 gold pieces
 12325 | D:9      | Found a transporter.
 12329 | D:9      | Noticed a moth of wrath
 12330 | D:9      | Noticed Nicoed's ghost (novice MiFi)
 12332 | D:9      | Noticed a catoblepas
 12366 | D:9      | Offered knowledge of Olgreb's Toxic Radiance by Vehumet.
 12594 | D:9      | Noticed a two-headed ogre
 12599 | D:9      | Killed a two-headed ogre
 12653 | D:9      | Found an ancient bone altar of Kikubaaqudgha.
 12684 | D:9      | Found a glowing silver altar of Zin.
 12761 | D:9      | Found a transporter.
 12867 | D:10     | Entered Level 10 of the Dungeon
 12999 | D:10     | Found a shadowy altar of Dithmenos.
 13441 | D:10     | Found a snail-covered altar of Cheibriados.
 13484 | D:10     | Reached **** piety under Vehumet
 13561 | D:10     | Offered knowledge of Hailstorm by Vehumet.
 13870 | D:10     | Reached skill level 5 in Armour
 13870 | D:10     | Reached skill level 5 in Dodging
 13994 | D:10     | Reached XP level 12. HP: 87/92 MP: 16/26
 14181 | D:10     | Found Fiuley Nofad's Distillery.
 14370 | D:11     | Noticed a two-headed ogre
 14377 | D:11     | Killed a two-headed ogre
 14475 | D:11     | Noticed a sixfirhy
 14481 | D:11     | Noticed a sun demon
 15089 | D:11     | Noticed Erolcha
 16014 | D:12     | Noticed a two-headed ogre
 16015 | D:12     | Found a staircase to the Orcish Mines.
 16025 | D:12     | Killed a two-headed ogre
 16173 | D:12     | Noticed Sonja
 16175 | D:12     | Killed Sonja
 16375 | D:12     | Noticed a two-headed ogre
 16380 | D:12     | Killed a two-headed ogre
 16392 | D:12     | Learned a level 3 spell: Hailstorm
 16428 | D:12     | Noticed a boulder beetle
 16729 | Lair:1   | Entered Level 1 of the Lair of Beasts
 16735 | Lair:1   | Reached skill level 1 in Ice Magic
 17256 | Lair:1   | Reached XP level 13. HP: 98/98 MP: 13/28
 18035 | Lair:1   | You fall into a shaft and drop 1 floor!
 18072 | Lair:2   | Reached ***** piety under Vehumet
 18072 | Lair:2   | Offered knowledge of Orb of Destruction by Vehumet.
 18081 | Lair:2   | Learned a level 7 spell: Orb of Destruction
 18312 | Lair:2   | Got Ikhlewoij's Information on Sickening Jinxing
 19648 | Lair:2   | Reached skill level 5 in Ice Magic
 20412 | Lair:3   | Found a staircase to the Snake Pit.
 20635 | Lair:3   | Found a staircase to the Shoals.
 20957 | Lair:3   | Noticed a six-headed hydra
 20982 | Lair:3   | Learned a level 5 spell: Fireball
 20989 | Lair:3   | Learned a level 6 spell: Starburst
 21172 | Lair:3   | Killed a six-headed hydra
 21173 | Lair:3   | Reached skill level 1 in Fire Magic
 22247 | Lair:4   | Noticed a five-headed hydra
 22254 | Lair:4   | Killed a five-headed hydra
 22255 | Lair:4   | Reached XP level 14. HP: 105/105 MP: 16/30
 23786 | Lair:5   | Entered Level 5 of the Lair of Beasts
 23899 | Lair:5   | Reached skill level 5 in Fire Magic
 24080 | Lair:5   | Reached skill level 1 in Shields
 24160 | Lair:5   | Offered knowledge of Lee's Rapid Deconstruction by Vehumet.
 24494 | Lair:5   | Learned a level 5 spell: Lee's Rapid Deconstruction
 24682 | Lair:5   | Reached skill level 15 in Conjurations
 25301 | Lair:5   | Found a runed translucent door.
 25304 | Lair:5   | Found a staircase to the Slime Pits.
 25363 | Lair:5   | Identified the +1 leather armour of Hotu Yqe {rN++ Int+5}
 26348 | D:9      | Killed Nicoed's ghost
 26349 | D:9      | Reached skill level 5 in Earth Magic
 26382 | D:9      | Offered knowledge of Yara's Violent Unravelling by Vehumet.
 26446 | D:9      | Identified the staff of earth "Qiakhl Vussull" {rC+ Int+3}
 26550 | D:8      | Killed slobbisto's ghost
 26678 | D:8      | Identified 2 scrolls of acquirement
 26828 | D:11     | Killed Erolcha
 27204 | D:12     | Noticed Kirke
 27207 | D:12     | Reached XP level 15. HP: 110/110 MP: 27/31
 27208 | D:12     | Killed Kirke
 29377 | D:13     | Found the +6 arbalest "Damnation" {damnation}
 30429 | D:14     | Reached skill level 15 in Spellcasting
 30482 | D:14     | Reached XP level 16. HP: 118/118 MP: 35/35
 30535 | Abyss:3  | Cast into level 3 of the Abyss (a wizard)
 30595 | Abyss:3  | Noticed a lich
 30602 | Abyss:3  | Killed a lich
 30632 | Abyss:3  | Noticed a tentacled starspawn
 30646 | Abyss:3  | Killed a tentacled starspawn
 30646 | Abyss:3  | Noticed a tentacled starspawn
 30653 | Abyss:3  | Killed a tentacled starspawn
 30655 | Abyss:3  | Noticed an Executioner
 30663 | Abyss:3  | HP: 4/121 [Executioner (3)]
 30664 | Abyss:3  | Mangled by an Executioner

Illustrated notes

Levels and vault maps discovered:
D:1:      dpeg_arrival_simpleton_b, layout_rooms,
          shapermc_ecumenical_altar_venn, minmay_pentomino_w2
D:2:      layout_basic, basic_altar, kennysheep_nondescript,
          grunt_decor_clamped, uniq_terence, uniq_sigmund
D:3:      layout_basic, grunt_gozag_breadcrumbs, gup_sewer_entry_spiral
D:4:      layout_loops_cross, lemuel_crystal_altar, amcnicky_altar_gilded,
          minmay_temple_entry_fiery, uniq_eustachio
D:5:      layout_basic, mainiacjoe_overflow_boulevard
D:6:      lemuel_castle_with_subvaults [lemuel_castle_interior_carwin_3],
          layout_basic, overflow_temple_1_default, ashenzari_altar_1
D:7:      layout_cave_pools, nicolae_shop_fire_sale [nicolae_sub_dead_trees],
          grunt_decor_cap, uniq_maggie, uniq_prince_ribbit1
D:8:      layout_loops_ring, kennysheep_mini, hellmonk_ghost_happy_afterlife,
          hangedman_glass_teeth, uniq_psyche
D:9:      layout_loops_cross, mainiacjoe_overflow_surrounded_room,
          lemuel_doored_altar, nicolae_overflow_hidden_temple,
          david_lair_generic, serial_shops, nicolae_shop_trees,
          gammafunk_ghost_berserking_beasts
D:10:     layout_roguey [special_room_orc], general_overflow_altar,
          mainiacjoe_overflow_alcove_4, serial_shops, shop,
          kennysheep_generic_room_12
D:11:     layout_cave_pods, serial_column_ruins, column_ruins_grid_4,
          column_ruins_columns_corner, column_ruins_grid_3,
          column_ruins_open_tiny, column_ruins_grid_3, uniq_erolcha
D:12:     layout_grid_maze, david_orc_3, chequers_jeans, uniq_kirke, uniq_sonja
D:13:     minmay_octagon_keep, layout_loops_ring
D:14:     nzn_winding_woodlands_large [nzn_winding_woodlands_5x5_default,
          nzn_winding_woodlands_5x15_jagged,
          nzn_winding_woodlands_5x5_open_star,
          nzn_winding_woodlands_center_pierced_h,
          nzn_winding_woodlands_15x15_boxy_spiral,
          nzn_winding_woodlands_center_garden, nzn_winding_woodlands_5x5_cross,
          nzn_winding_woodlands_5x15_pockets,
          nzn_winding_woodlands_5x5_checkerboard], layout_irregular_city,
          grunt_vaults_entry_fortified, kennysheep_crisscross
Temple:   nicolae_temple_bog_church
Lair:1:   layout_layer_cave
Lair:2:   layout_cave_pods, minivault_24, columned_hall_lemuel,
          serial_bayou_shore_a
Lair:3:   layout_roguey, minmay_shoals_entry_lonely_mermaid,
          guppyfry_snake_entry_island
Lair:4:   layout_layer_cave, grunt_megastairs_2, lemuel_fruit_tree
Lair:5:   minmay_lair_end_enchanted_forest, layout_loops_ring, slime_entry_2
Abyss:3:  base: D:14, grunt_abyss_exit_deep_breaths, minivault_27,
          hangedman_decor_riveting

Skill      XL: |  1  2  3  4  5  6  7  8  9 10 11 12 13 14 15 16 |
---------------+-------------------------------------------------+-----
Spellcasting   | 4 5 6 8 9 10 11 12 15 | 15.0
Conjurations   | 5 6 8 9 10 11 13 15 | 15.0
Fighting       | 2 5 8 9 |  9.7
Armour         | 3 5 6 |  6.0
Dodging        | 3 5 6 |  6.0
Translocations | 2 3 |  3.0
Earth Magic    | 3 5 8 |  8.0
Ice Magic      | 2 5 |  5.0
Fire Magic     | 3 5 |  5.0
Shields        | 4 |  4.0
Stealth        | |  2.0

Action                     |  1- 3 |  4- 6 |  7- 9 | 10-12 | 13-15 | 16-18 || total
---------------------------+-------+-------+-------+-------+-------+-------++-------
  Melee: Unarmed           |    10 |       |       |       |       |       ||    10
         Spear             |     2 |       |       |       |       |       ||     2
         Mace              |       |     9 |    84 |   110 |    98 |       ||   301
         Punch             |       |       |     1 |     1 |       |       ||     2
         Staff             |       |       |       |       |    12 |       ||    12
   Fire: Arbalest          |       |       |       |       |    62 |    17 ||    79
   Cast: Magic Dart        |    51 |    40 |   163 |   164 |     8 |       ||   426
         Searing Ray       |     1 |     9 |    34 |    48 |     5 |       ||    97
         Stone Arrow       |       |       |       |   151 |   247 |    10 ||   408
         Iskenderun's Myst |       |       |       |    24 |    68 |     9 ||   101
         Starburst         |       |       |       |       |    19 |       ||    19
         Orb of Destructio |       |       |       |       |    29 |       ||    29
         Hailstorm         |       |       |       |       |     3 |       ||     3
         Fireball          |       |       |       |       |    47 |     1 ||    48
         Lee's Rapid Decon |       |       |       |       |     7 |     1 ||     8
  Evoke: Wand              |       |       |       |     8 |     2 |     4 ||    14
    Use: Scroll            |       |       |       |    12 |     8 |       ||    20
         Potion            |       |       |       |     1 |     1 |       ||     2
   Stab: Sleeping          |       |       |     1 |       |       |       ||     1
 Armour: Robe              |     2 |     6 |    53 |    83 |    46 |       ||   190
         Leather armour    |       |       |       |    16 |    16 |    10 ||    42
  Dodge: Dodged            |    10 |    11 |    86 |   170 |   179 |    24 ||   480
  Block: Buckler           |       |       |       |       |    20 |       ||    20
